 Dungeon Crawl Stone Soup version 0.25-a0-464-g3004169c2b (webtiles) character file.

Game seed: 4398060939153039648, levelgen mode: deterministic

4221 Roikka the Covert (level 10, -4/50 HPs)
             Began as a Kobold Enchanter on Feb 4, 2020.
             Was a High Priest of Okawaru.
             Slain by a wraith (5 damage)
             ... on level 9 of the Dungeon.
             The game lasted 00:27:18 (10610 turns).

Roikka the Covert (Kobold Enchanter)               Turns: 10610, Time: 00:27:19

Health: -4/50      AC: 12    Str:  6    XL:     10   Next: 55%
Magic:  19/19      EV: 21    Int: 16    God:    Okawaru [*****.]
Gold:   436        SH:  0    Dex: 19    Spells: 8/21 levels left

rFire    + . .     SeeInvis .   a - +2 dagger (venom)
rCold    . . .     Gourm    .   (shield restricted)
rNeg     . . .     Faith    .   A - +2 robe {rF+}
rPois    .         Spirit   .   w - +1 hat
rElec    .         Reflect  .   z - +2 cloak {+Inv}
rCorr    .         Harm     .   q - +2 pair of gloves
MR       +....                  o - +0 pair of boots
Stlth    +++++.....             u - amulet of magic regeneration
HPRegen  0.16/turn              G - ring of protection from magic
MPRegen  0.41/turn              (no ring)

@: about to teleport, slowed, very slow
A: small, carnivore
a: Heroism, Finesse, Renounce Religion, Evoke Invisibility


You were on level 9 of the Dungeon.
You worshipped Okawaru.
Okawaru was extremely pleased with you.
You were completely stuffed.

You visited 2 branches of the dungeon, and saw 11 of its levels.

You collected 436 gold pieces.

Inventory:

Hand Weapons
 a - a +2 dagger of venom (weapon)
 b - a +0 rapier of protection
 t - a +1 dagger
 E - a +0 dagger of pain
 F - a +1 dagger of flaming
Armour
 m - a scarf of resistance
 o - a +0 pair of boots (worn)
 q - a +2 pair of gloves (worn)
 r - a +1 leather armour
 w - a +1 hat (worn)
 z - a +2 cloak of invisibility (worn)
 A - a +2 robe of fire resistance (worn)
 J - a +0 leather armour of fire resistance
Jewellery
 u - an amulet of magic regeneration (around neck)
 G - a ring of protection from magic (left hand)
Wands
 g - a wand of flame (19)
 i - a wand of paralysis (9)
 v - a wand of acid (4)
 x - a wand of random effects (64)
Scrolls
 h - a scroll of identify
 l - 3 scrolls of remove curse
 y - a scroll of blinking
 D - a scroll of magic mapping
 K - a scroll of amnesia
Potions
 c - a potion of might
 e - 4 potions of flight
 f - a potion of resistance
 j - 2 potions of magic
 k - 2 potions of lignification
 n - 2 potions of haste
 p - 3 potions of curing
 s - 2 potions of heal wounds {unknown}
 H - a potion of degeneration {unknown}
 I - a potion of ambrosia
Comestibles
 d - 22 rations


   Skills:
 + Level 7.4 Short Blades
 + Level 7.6 Dodging
 + Level 9.9 Stealth
 + Level 6.3 Spellcasting
 + Level 7.7 Hexes
 * Level 4.2 Necromancy


You had 8 spell levels left.
You knew the following spells:

 Your Spells              Type           Power        Failure   Level  Hunger
a - Corona                Hex            ####...      1%          1    None
b - Ensorcelled Hibernat  Hex/Ice        ###...       4%          2    None
c - Tukima's Dance        Hex            ####....     1%          3    ##.....
d - Confusing Touch       Hex            ####....     1%          3    ##.....
e - Animate Dead          Necr           N/A          22%         4    ####...

Your spell library contained the following spells:

 Spells                   Type           Power        Failure   Level  Hunger
 Dazzling Flash           Conj/Hex       ###...       9%          3    ##.....
 Beastly Appendage        Tmut           #.....       13%         1    None
 Shock                    Conj/Air       #...         13%         1    None
 Sticks to Snakes         Tmut           #.......     21%         2    None
 Swiftness                Chrm/Air       #.......     21%         2    None
 Recall                   Summ/Tloc      N/A          36%         3    ##.....
 Spider Form              Tmut/Pois      #.........   36%         3    ##.....
 Static Discharge         Conj/Air       #.......     36%         3    ##.....
 Airstrike                Air            #.........   78%         4    ####...
 Ice Form                 Ice/Tmut       #.......     78%         4    ####...
 Borgnjor's Vile Clutch   Necr/Erth      ##........   83%         5    #####..
 Blade Hands              Tmut           #.........   98%         5    #####..
 Lightning Bolt           Conj/Air       #.........   98%         5    #####..
 Death Channel            Necr           ###.......   98%         6    #######
 Simulacrum               Ice/Necr       ##........   100%        6    #######


Dungeon Overview and Level Annotations

Branches:
Dungeon (10/15)            Temple (1/1) D:4
   Lair: D:8-11         Orc: D:9-12

Altars:
Cheibriados
Dithmenos
Elyvilon
Fedhas
Gozag
Hepliaklqana
Okawaru
Qazlal
Ru
Trog
Uskayaw
Wu Jian
Xom
Yredelemnul
Zin

Shops:
D:10 !(

Annotations:
D:9 3 runed translucent doors, ICC's ghost, novice VSGl


Innate Abilities, Weirdness & Mutations

You are small and have problems with some larger weapons.
You are carnivorous and can eat meat at any time.


Message History

The magic dart hits you but does no damage.
There is a stone staircase leading up here.
The wraith misses you. The orc warrior closely misses you.
The orc completely misses you. The wraith hits you but does no damage.
The orc warrior hits you but does no damage.
You climb upwards.
Level annotation: 3 runed translucent doors, ICC's ghost, novice VSGl
There is a stone staircase leading down here.
You hit the wraith.
The wraith is lightly damaged.
The wraith hits you!
* * * LOW HITPOINT WARNING * * *
The wraith drains your vigour!
You feel as though you will be slow longer.
As you read the scroll of teleportation, it crumbles to dust.
You feel strangely unstable.
The orc warrior hits you with a +0 long sword!
* * * LOW HITPOINT WARNING * * *
The wraith hits you.
You die...

#...)...###......##..8.8..
#.......###......###.?"W.##
#.......##...######.......#
#........))).# ##W....##
#.......##.).# #WWWW...#
##########)### ###+++###
#o# #####........
#o####........##..
#@W..'........++..
######............
#####........ #........
#........ #........
########......##
#.............##
#.##############


You could see a wraith, an orc warrior and an orc.

Vanquished Creatures
  A hippogriff (D:8)
  Prince Ribbit (D:5)
  A spriggan (D:7)
  Sigmund (D:5)
  A wyvern (D:9)
  Eustachio (D:4)
  An acid dragon (D:7)
  Menkaure (D:5)
  2 water moccasins (D:8)
  Duvessa (D:5)
  2 orc warriors
  2 sky beasts
  2 black bears
  An ice beast (D:8)
  A phantom (D:6)
  An ogre (D:9)
  A necrophage (D:5)
  3 centaurs
  2 bullfrogs
  Dowan (D:5)
  A scorpion (D:4)
  A killer bee (D:7)
  A water moccasin skeleton (D:7)
  2 howler monkeys
  5 crimson imps
  A centaur zombie (D:6)
  A bullfrog zombie (D:6)
  A quasit (D:7)
  A hound (D:3)
  A jelly (D:5)
  A bullfrog skeleton (D:8)
  4 orc priests
  Crazy Yiuf (D:4)
  Jessica (D:3)
  3 iguanas
  Ijyb (D:3)
  Natasha (thrice) (D:4)
  6 orc wizards
  8 worker ants
  A hound zombie (D:8)
  2 worker ant zombies
  2 gnolls (D:8)
  9 adders
  3 shadow imps
  3 oozes (D:2)
  An adder skeleton (D:9)
  2 worms
  5 dart slugs
  5 leopard geckos
  27 orcs
  10 giant cockroaches
  A goblin (D:2)
  8 hobgoblins
  7 kobolds
  5 quokkas
  5 bats
  8 frilled lizards
  3 leopard gecko skeletons
  2 rats
179 creatures vanquished.

Vanquished Creatures (collateral kills)
  A gnoll (D:8)
  A shadow imp (D:9)
  2 orcs (D:9)
4 creatures vanquished.

Vanquished Creatures (others)
  A dancing weapon (D:8)
1 creature vanquished.

Grand Total: 184 creatures vanquished

Notes
Turn   | Place    | Note
-------+----------+-------------------------------------------
     0 | D:1      | Roikka the Kobold Enchanter began the quest for the Orb.
     0 | D:1      | Reached XP level 1. HP: 10/10 MP: 3/3
     6 | D:1      | Noticed a polar bear
     6 | D:1      | Noticed a hound
     7 | D:1      | Noticed a killer bee
     7 | D:1      | Noticed a six-headed hydra
   402 | D:1      | Reached XP level 2. HP: 15/15 MP: 5/5
  1184 | D:1      | Reached XP level 3. HP: 19/19 MP: 6/6
  1584 | D:1      | Learned a level 2 spell: Ensorcelled Hibernation
  1588 | D:1      | Learned a level 3 spell: Tukima's Dance
  1965 | D:2      | Reached XP level 4. HP: 16/24 MP: 4/7
  2176 | D:2      | Reached skill level 5 in Stealth
  2444 | D:2      | Found an opulent altar of Gozag.
  3131 | D:3      | Noticed Jessica
  3135 | D:3      | Killed Jessica
  3135 | D:3      | Reached XP level 5. HP: 28/28 MP: 8/8
  3276 | D:3      | Noticed Ijyb
  3284 | D:3      | Killed Ijyb
  3641 | D:3      | Reached XP level 6. HP: 32/32 MP: 3/10
  4397 | D:4      | Noticed Natasha
  4404 | D:4      | Reached skill level 6 in Stealth
  4411 | D:4      | Found a staircase to the Ecumenical Temple.
  4416 | D:4      | Killed Natasha
  4432 | Temple   | Entered the Ecumenical Temple
  4504 | Temple   | Became a worshipper of Warmaster Okawaru
  4567 | D:4      | Noticed Natasha
  4578 | D:4      | Killed Natasha
  4628 | D:4      | Reached XP level 7. HP: 20/36 MP: 11/11
  4799 | D:4      | Noticed Natasha
  4809 | D:4      | Killed Natasha
  4818 | D:4      | Learned a level 3 spell: Confusing Touch
  4823 | D:4      | Found an iron altar of Okawaru.
  5000 | D:4      | Noticed Eustachio
  5043 | D:4      | Killed Eustachio
  5160 | D:4      | Found a runed translucent door.
  5161 | D:4      | Noticed Crazy Yiuf
  5311 | D:4      | Killed Crazy Yiuf
  5576 | D:5      | Entered Level 5 of the Dungeon
  5578 | D:5      | Reached * piety under Okawaru
  5578 | D:5      | Reached skill level 5 in Short Blades
  5593 | D:5      | Reached skill level 5 in Hexes
  5604 | D:5      | Reached skill level 7 in Stealth
  5604 | D:5      | Reached XP level 8. HP: 41/41 MP: 13/13
  5643 | D:5      | Noticed Prince Ribbit
  5650 | D:5      | Killed Prince Ribbit
  5650 | D:5      | Reached ** piety under Okawaru
  5650 | D:5      | Reached skill level 5 in Dodging
  5659 | D:5      | Noticed Sigmund
  5690 | D:5      | Killed Sigmund
  5980 | D:5      | Noticed Menkaure
  5985 | D:5      | Killed Menkaure
  5999 | D:5      | Noticed Duvessa
  6000 | D:5      | Noticed Dowan
  6031 | D:5      | Killed Duvessa
  6031 | D:5      | Reached skill level 8 in Stealth
  6031 | D:5      | Reached XP level 9. HP: 33/45 MP: 14/16
  6049 | D:5      | Killed Dowan
  6657 | D:6      | Reached *** piety under Okawaru
  6657 | D:6      | Reached skill level 5 in Spellcasting
  6797 | D:6      | Found a shimmering altar of Xom.
  7241 | D:6      | Found a white marble altar of Elyvilon.
  7944 | D:7      | Learned a level 4 spell: Animate Dead
  8048 | D:7      | Reached skill level 9 in Stealth
  8065 | D:7      | Reached skill level 1 in Necromancy
  8459 | D:7      | Reached **** piety under Okawaru
  8609 | D:8      | Reached XP level 10. HP: 49/50 MP: 18/18
  8756 | D:8      | Found a glowing silver altar of Zin.
  9854 | D:9      | Found a hide-covered altar of Uskayaw.
  9870 | D:9      | Found a snail-covered altar of Cheibriados.
  9882 | D:9      | Found a sacrificial altar of Ru.
 10025 | D:9      | Found a shimmering altar of Xom.
 10119 | D:9      | Reached ***** piety under Okawaru
 10204 | D:9      | Found a runed translucent gate.
 10205 | D:9      | Found a runed translucent gate.
 10207 | D:9      | Found a runed translucent gate.
 10212 | D:9      | Noticed ICC's ghost (novice VSGl)
 10312 | D:9      | Noticed a freezing wraith
 10336 | D:10     | Entered Level 10 of the Dungeon
 10336 | D:10     | Found Xaoxol's Distillery.
 10587 | D:10     | Found Odwasas's Antique Weapon Shoppe.
 10610 | D:9      | HP: 1/50 [orc warrior/+0 long sword (9)]
 10610 | D:9      | Slain by a wraith

Levels and vault maps discovered:
D:1:      onia_arrival_zoo_common, layout_rooms, minmay_misc_feat_rugged,
          minivault_11, minivault_4, minmay_distorted
D:2:      layout_basic, serial_glass, glass_columns_c, glass_columns_b,
          glass_columns_a, glass_columns_b, grunt_gozag_statues
D:3:      layout_basic, first_ration, uniq_ijyb, uniq_jessica
D:4:      layout_rooms, minmay_temple_entry_sparse_star, okawaru_trees_1,
          uniq_crazy_yiuf_cottage, uniq_eustachio, uniq_natasha
D:5:      layout_basic, uniq_sigmund, uniq_duvessa, uniq_menkaure,
          uniq_prince_ribbit1
D:6:      layout_loops_ring, basic_altar, elyvilon_altar_5
D:7:      layout_rooms, serial_rivers, chequers_serial_rivers_small_b,
          chequers_serial_rivers_small_a, chequers_serial_rivers_room_a,
          chequers_serial_rivers_large_b, chequers_serial_rivers_marsh,
          interstate_on_off, the_bakery, kb_rosetta
D:8:      layout_loops_ring, basic_altar
D:9:      minmay_bloctagon_deflated, layout_basic,
          nicolae_overflow_quartered_altars, gammafunk_ghost_spectres,
          serial_shops, shop, hangedman_decor_growths
D:10:     layout_long_grid, serial_shops, shop, shop_fountains, shop, shop,
          shop, special_room [special_room_orc], minmay_misc_feat_nine_boxes,
          grunt_decor_cap
Temple:   dpeg_five_rooms_temple

Skill      XL: |  1  2  3  4  5  6  7  8  9 10 |
---------------+-------------------------------+-----
Short Blades   | 2 3 4 5 6 7 |  7.4
Dodging        | 3 4 5 6 7 |  7.6
Stealth        | 5 6 7 8 9 |  9.9
Spellcasting   | 3 4 5 6 |  6.3
Hexes          | 4 5 6 7 |  7.7
Necromancy     | 2 4 |  4.2

Action                   |  1- 3 |  4- 6 |  7- 9 | 10-12 || total
-------------------------+-------+-------+-------+-------++-------
Melee: Dagger            |    99 |   156 |   355 |   188 ||   798
       Rapier            |       |       |    91 |    71 ||   162
 Cast: Ensorcelled Hiber |     1 |    14 |     6 |       ||    21
       Tukima's Dance    |       |     1 |     2 |     9 ||    12
  Use: Scroll            |       |     5 |    13 |     2 ||    20
 Stab: Sleeping          |    12 |    21 |    22 |     9 ||    64
       Distracted        |       |     1 |     2 |       ||     3
       Invisible         |       |       |     1 |       ||     1
  Eat: Chunk             |    12 |     9 |    14 |     7 ||    42
Armor: Robe              |     5 |     3 |    70 |    39 ||   117
       Leather armour    |       |     8 |    11 |       ||    19
Dodge: Dodged            |    67 |    90 |   292 |   179 ||   628

Table legend:
 A = Non-vault XP
 B = Vault XP
 C = Vault XP percentage of total XP
 D = Non-vault monster count
 E = Vault monster count
 F = Vault count percentage of total count
                 A         B        C        D         E       F
            +---------+---------+-------+---------+---------+-------
      Total |    4393 |    1637 |  27.1 |     165 |      18 |   9.8
            +---------+---------+-------+---------+---------+-------
        D:1 |      38 |       2 |   5.0 |      19 |       2 |   9.5
        D:2 |      80 |       0 |   0.0 |      21 |       0 |   0.0
        D:3 |     117 |      73 |  38.4 |      16 |       2 |  11.1
        D:4 |     276 |     272 |  49.6 |      14 |       3 |  17.6
        D:5 |     561 |     792 |  58.5 |      19 |       5 |  20.8
        D:6 |     625 |       0 |   0.0 |      20 |       0 |   0.0
        D:7 |     412 |     493 |  54.5 |      12 |       5 |  29.4
        D:8 |    1396 |       0 |   0.0 |      26 |       0 |   0.0
        D:9 |     888 |       5 |   0.6 |      18 |       1 |   5.3
            +---------+---------+-------+---------+---------+-------
